 Dungeon Crawl Stone Soup version 0.27.1-15-g792fb953b9 (webtiles) character file.

Game seed: 6050156092745577476

63 belegose the Sneak (level 4, -1/25 HPs)
             Began as a Kobold Fire Elementalist on Nov 20, 2021.
             Was an Initiate of Okawaru.
             Slain by an ogre (26 damage)
             ... on level 4 of the Dungeon.
             The game lasted 00:05:15 (2054 turns).

belegose the Sneak (Kobold Fire Elementalist)       Turns: 2054, Time: 00:05:15

Health: -1/25      AC:  5    Str:  6    XL:     4   Next: 30%
Magic:  4/7        EV: 15    Int: 16    God:    Okawaru [......]
Gold:   66         SH:  0    Dex: 15    Spells: 7/8 levels left

rFire    . . .     SeeInvis .   g - +0 short sword
rCold    . . .     Faith    .   (shield restricted)
rNeg     . . .     Spirit   .   a - +0 robe
rPois    .         Reflect  .   b - +2 helmet
rElec    .         Harm     .   d - scarf {+Inv}
rCorr    .         Rampage  .   (no gloves)
Will     .....                  (no boots)
Stlth    +++.......             i - amulet of the acrobat
HPRegen  0.08/turn              (no ring)
MPRegen  0.10/turn              (no ring)

@: no status effects
A: small, no large weapons, nightstalker 3
a: Renounce Religion, Evoke Invisibility


You were on level 4 of the Dungeon.
You worshipped Okawaru.
Okawaru was noncommittal.
You visited 2 branches of the dungeon, and saw 4 of its levels.

You collected 66 gold pieces.

Inventory:

Hand Weapons
 g - a +0 short sword (weapon)
Armour
 a - a +0 robe (worn)
 b - a +2 helmet (worn)
 d - a scarf of invisibility (worn)
Jewellery
 c - a ring of protection from fire
 i - an amulet of the acrobat (around neck)
 j - a ring of poison resistance
Wands
 m - a wand of polymorph (10)
Scrolls
 e - a scroll of blinking {unknown}
 f - 2 scrolls of identify {unknown}
 h - a scroll of teleportation {unknown}
 l - a scroll of enchant weapon {unknown}
Potions
 k - a potion of brilliance {unknown}


   Skills:
 + Level 1.1 Fighting
 + Level 3.1 Dodging
 + Level 3.4 Stealth
 + Level 2.6 Spellcasting
 + Level 1.8 Conjurations
 + Level 3.3 Fire Magic
 + Level 0.1 Invocations


You had 7 spell levels left.
You knew the following spells:

 Your Spells              Type           Power      Damage    Failure   Level
a - Foxfire               Conj/Fire      40%        2x1d6     7%          1

Your spell library contained the following spells:

 Spells                   Type           Power      Damage    Failure   Level
 Conjure Flame            Conj/Fire      10%        6-21      21%         3
 Corpse Rot               Necr/Air       N/A        N/A       30%         2
 Poisonous Vapours        Pois/Air       4%         N/A       30%         2
 Inner Flame              Hex/Fire       7%         N/A       30%         3
 Sticky Flame             Conj/Fire      10%        2d3       56%         4
 Fireball                 Conj/Fire      5%         3d5       88%         5
 Freezing Cloud           Conj/Ice/Air   2%         6-21      99%         5


Dungeon Overview and Level Annotations

Branches:
Dungeon (4/15)             Temple (1/1) D:4

Altars:
Ashenzari
Cheibriados
Kikubaaqudgha
Makhleb
Nemelex Xobeh
Okawaru
Qazlal
Ru
Sif Muna
Uskayaw
Zin


Innate Abilities, Weirdness & Mutations

You are small and have problems with some larger weapons.
You are completely attuned to the shadows.


Message History

There is a staircase back to the Dungeon here.
You climb upwards.
Welcome back to the Dungeon!
There is a staircase to the Ecumenical Temple here.
Found 9 gold pieces.
You now have 55 gold pieces (gained 9).
Found 11 gold pieces.
Okay, then.
You now have 66 gold pieces (gained 11).
Found 27 arrows.
Found a sacrificial altar of Ru.
Found a jewelled iron wand.
You enter the shallow water.
Moving in this stuff is going to be slow.
A goblin comes into view. It is wielding a +0 club.
The helpless goblin fails to defend itself.
You puncture the goblin!
You kill the goblin!
Okawaru accepts your kill.
Things that are here:
a +0 club; a goblin corpse
m - a wand of polymorph (10)
You see here a scroll labelled DULLATENNA.
Casting: Foxfire (safe; 7% risk of failure)
Confirm with . or Enter, or press ? or * to list all spells.
You conjure some foxfire!
Casting: Foxfire (safe; 7% risk of failure)
Confirm with . or Enter, or press ? or * to list all spells.
You conjure some foxfire!
The foxfire hits the ogre.
The ogre is lightly wounded.
The foxfire hits the ogre.
The ogre is lightly wounded.
Casting: Foxfire (safe; 7% risk of failure)
Confirm with . or Enter, or press ? or * to list all spells.
You conjure some foxfire!
The foxfire hits the ogre.
The ogre is lightly wounded.
The foxfire hits the ogre but does no damage.
The ogre is lightly wounded.
The ogre hits you with a +0 giant club!!
Ouch! That really hurt!
You die...

.#.....# #...#..≈...≈..#.###
.......# #..#...≈._.≈...#.#
#.....# #...#..≈...≈..#.##
####...?.#####....#..≈≈≈..#..#
$..[......##.......#######.###
######'##O##..........(...##
#..#.##...§........### #
######.#.##..v.§.......####.#
.............O@§.............
###.........v§..........#####
#.#..##'##................##
######.#..#...#..##........###..#
.........##._.##.# .........###.#
.........#.....#.# .#...#..##.#
#####..#.#.###.#.# ##...##..#.# #
#..#.###.###.# . #.....##...# #
+..#.##...##.#.##..#.#..##..#


You could see an ogre (ally target).

Vanquished Creatures
  A hound skeleton (D:4)
  An adder (D:2)
  A dart slug (D:1)
  2 orcs (D:4)
  2 bats (D:1)
  An endoplasm (D:1)
  3 giant cockroaches
  3 goblins
  10 jackals (D:1)
  A quokka (D:2)
  A ball python (D:1)
  2 frilled lizards (D:1)
  3 kobolds
  4 rats
35 creatures vanquished.

Vanquished Creatures (others)
  58 foxfires
58 creatures vanquished.

Grand Total: 93 creatures vanquished

Notes
Turn   | Place    | Note
-------+----------+-------------------------------------------
     0 | D:1      | belegose the Kobold Fire Elementalist began the quest for
                  | the Orb.
     0 | D:1      | Reached XP level 1. HP: 10/10 MP: 3/3
   267 | D:1      | Reached XP level 2. HP: 13/15 MP: 0/5
   507 | D:1      | Found a faded altar of an unknown god.
   794 | D:1      | Reached XP level 3. HP: 20/20 MP: 6/6
  1553 | D:2      | Reached skill level 1 in Fighting
  1619 | D:2      | You fall into a shaft and drop 2 floors!
  1648 | D:4      | Reached XP level 4. HP: 23/25 MP: 7/7
  1732 | D:4      | Noticed an ogre
  1741 | D:4      | Found a hide-covered altar of Uskayaw.
  1743 | D:4      | Noticed a +0 dagger
  1744 | D:4      | Noticed a +0 spear
  1744 | D:4      | Noticed a +0 short sword
  1744 | D:4      | Noticed a +0 falchion
  1746 | D:4      | Noticed a +0 dagger
  1747 | D:4      | Noticed a +0 short sword
  1749 | D:4      | Noticed a +0 falchion
  1752 | D:4      | Noticed a +0 spear
  1777 | D:4      | Found a staircase to the Ecumenical Temple.
  1787 | Temple   | Entered the Ecumenical Temple
  1926 | Temple   | Became a worshipper of Warmaster Okawaru
  1991 | D:4      | Found a sacrificial altar of Ru.
  2054 | D:4      | Slain by an ogre

Illustrated notes

Levels and vault maps discovered:
D:1:      dpeg_arrival_houses_and_road, layout_basic,
          hellmonk_ecumenical_altar_dog_temple
D:2:      layout_basic
D:4:      layout_basic, nicolae_uskayaw_en_pointe, kb_xom_exploding_sheep,
          nicolae_ru_awakened_eye, minmay_temple_entry_waves
Temple:   jpeg_temple_island

Skill      XL: |  1  2  3 |
---------------+----------+-----
Stealth        | 3 |  3.4
Fighting       | 1 |  1.1
Dodging        | 3 |  3.1
Spellcasting   | |  2.6
Conjurations   | |  1.8
Fire Magic     | |  3.3
Invocations    | |  0.1

Action                   |  1- 3 |  4- 6 || total
-------------------------+-------+-------++-------
Melee: Short sword       |    46 |     3 ||    49
       Unarmed           |     1 |       ||     1
 Cast: Foxfire           |    33 |     3 ||    36
 Stab: Sleeping          |     7 |     3 ||    10
Armor: Robe              |    22 |       ||    22
Dodge: Dodged            |    65 |       ||    65
